 Dungeon Crawl Stone Soup version 0.31-a0-271-gb88eb75e06 (webtiles) character file.

Game seed: 6225470573145561399

80 Iniera the Ducker (level 4, -3/29 HPs)
             Began as a Kobold Monk on July 14, 2023.
             Slain by Grinder (4 damage)
             ... while paralysed by Grinder
             ... on level 3 of the Dungeon.
             The game lasted 00:02:53 (1946 turns).

Iniera the Ducker (Kobold Monk)                     Turns: 1946, Time: 00:02:54

Health: -3/29      AC:  2    Str:  8    XL:     4   Next: 65%
Magic:  4/4        EV:  3    Int: 11    God:
Gold:   97         SH:  0    Dex: 19    Spells: 3/3 levels left

rFire   . . .        e - +1 dagger (venom)
rCold   . . .        d - orb {light}
rNeg    . . .        b - +0 robe
rPois   .            (no helmet)
rElec   .            (no cloak)
rCorr   .            (no gloves)
SInv    .            (no boots)
Will    .....        (no amulet)
Stlth   +            (no ring)
HPRegen 0.24/turn    (no ring)
MPRegen 0.09/turn

%: no passive effects
@: paralysed, glowing
A: small, no large weapons, nightstalker 3
a: no special abilities


You were on level 3 of the Dungeon.
You visited 1 branch of the dungeon, and saw 3 of its levels.

You collected 97 gold pieces.

Inventory:

Hand Weapons
 a - a +0 falchion
 e - a +1 dagger of venom (weapon)
Armour
 b - a +0 robe (worn)
 d - an orb of light (worn)
Jewellery
 m - a ring of willpower
Scrolls
 f - a scroll of fear {unknown}
 g - a scroll of vulnerability {unknown}
 h - a scroll of fog
 j - a scroll of identify
 k - a scroll of immolation
Potions
 c - a potion of ambrosia
 i - a potion of lignification


   Skills:
 + Level 4.2 Fighting
 + Level 3.0 Long Blades
 * Level 4.7 Dodging


You had 3 spell levels left.
You didn't know any spells.
Your spell library was empty.

Dungeon Overview and Level Annotations

Branches:
Dungeon (3/15)

Altars:

Shops:
D:1 (   D:2 [

Annotations:
D:3 Grinder


Innate Abilities, Weirdness & Mutations

You are small and have problems with some larger weapons.
You are completely attuned to the shadows.


Message History

You kill the kobold!
Grinder comes into view.
Grinder blinks!
Things that are here:
a +1 whip of freezing; 2 stones; a kobold corpse Grinder gestures at you.
You suddenly lose the ability to move!
Grinder hits you.
You writhe in agony.
You can move again.
Unknown command.
Unknown command.
Unknown command.
You aren't carrying any items that you can evoke.
Unknown command.
Okay, then.
You hit Grinder.
Grinder is lightly wounded.
Grinder completely misses you.
You hit Grinder but do no damage.
Grinder is lightly wounded.
Grinder gestures at you.
You barely resist. You hit Grinder.
Grinder is lightly wounded.
Grinder hits you.
You hit Grinder but do no damage.
Grinder is lightly wounded.
Grinder completely misses you.
You hit Grinder but do no damage.
Grinder is lightly wounded.
You barely miss Grinder.
Grinder is lightly wounded.
Grinder gestures at you.
You suddenly lose the ability to move!
Grinder hits you.
* * * LOW HITPOINT WARNING * * *
Grinder hits you!
* * * LOW HITPOINT WARNING * * *
You writhe in agony.
You die...

..####'##
##.....#####
#.#...........# #
#.#.#####'#.#.###
####.#.#.....#.#....
#..ยง.#'#.###.#.##...
.#.##.....###'#.##.#.
.. #.........<..##.#.
...#.5..........##...
....@.).........#....
.^###...........#....
#....#......#....
#!...# ....


You could see Grinder.

Vanquished Creatures
  Robin (D:2)
  2 adders
  A worm (D:3)
  3 orcs (D:3)
  A bat (D:2)
  6 endoplasms
  12 goblins
  5 hobgoblins
  A quokka (D:2)
  A ball python (D:1)
  2 frilled lizards (D:1)
  5 kobolds
  2 rats (D:1)
42 creatures vanquished.

Notes
Turn   | Place    | Note
-------+----------+-------------------------------------------
     0 | D:1      | Iniera the Kobold Monk began the quest for the Orb.
     0 | D:1      | Reached XP level 1. HP: 14/14 MP: 1/1
   192 | D:1      | Found Upleac's Antique Weapon Shop.
   295 | D:1      | Reached XP level 2. HP: 12/19 MP: 2/2
   978 | D:2      | Reached XP level 3. HP: 24/24 MP: 3/3
  1227 | D:2      | Found Zikhulis's Antique Armour Emporium.
  1388 | D:2      | Noticed Robin
  1406 | D:2      | Killed Robin
  1407 | D:2      | Reached XP level 4. HP: 15/29 MP: 4/4
  1932 | D:3      | Noticed Grinder
  1934 | D:3      | Paralysed by Grinder for 5 turns
  1944 | D:3      | Paralysed by Grinder for 4 turns
  1946 | D:3      | HP: 1/29 [Grinder (7)]
  1946 | D:3      | Slain by Grinder

Illustrated notes

Levels and vault maps discovered:
D:1:      dpeg_arrival_concentric_ovals, layout_loops_ring, serial_shops,
          nicolae_shop_trees, dreamdust_princess_bridge, kennysheep_nondescript
D:2:      layout_rooms, serial_shops, nicolae_shop_behind_doors, uniq_robin
D:3:      layout_basic, hellmonk_ecumenical_altar_lost_god, uniq_grinder

Skill      XL: |  1  2  3  4 |
---------------+-------------+-----
Dodging        | 4 |  4.7
Fighting       | 4 |  4.2
Long Blades    | 3 |  3.0

Action                     |  1- 3 |  4- 6 || total
---------------------------+-------+-------++-------
  Melee: Falchion          |    77 |     6 ||    83
         Dagger            |       |    31 ||    31
    Use: Scroll            |     1 |     4 ||     5
         Potion            |     4 |       ||     4
   Stab: Sleeping          |     1 |       ||     1
 Armour: Robe              |     9 |       ||     9
         Skin              |    18 |     2 ||    20
  Dodge: Dodged            |    44 |    22 ||    66

Table legend: (Time is in decaauts)
 A = Elapsed time spent in this place.
 B = Non-inter-level travel time spent in this place.
 C = Inter-level travel time spent in this place.
 D = Time resting spent in this place.
 E = Time spent auto-exploring this place.
 F = Levels seen in this place.
 G = Mean time per level.
                   A        B        C        D        E       F      G
               +--------+--------+--------+--------+--------+-----+--------+
         Total |   1955 |   1906 |     49 |    148 |   1488 |   3 |  651.7 |
       Dungeon |   1955 |   1906 |     49 |    148 |   1488 |   3 |  651.7 |
               +--------+--------+--------+--------+--------+-----+--------+

Top non-repeatable levels by time:
     D:1: 970 daAuts
     D:2: 751 daAuts
     D:3: 233 daAuts
